 Dungeon Crawl Stone Soup version 0.17-a0-1753-g75d4604 (webtiles) character file.

41237 shakdrar the Grappler (level 13, -6/135 HPs)
             Began as a Troll Monk on Sept 2, 2015.
             Was a High Priest of Trog.
             Mangled by a troll (13 damage)
             ... on level 12 of the Dungeon.
             The game lasted 01:15:29 (16072 turns).

shakdrar the Grappler (Troll Monk)                 Turns: 16072, Time: 01:15:29

Health: -6/135     AC:  0    Str: 21 (23) XL:     13   Next: 78%
Magic:  16/16      EV: 23    Int:  6      God:    Trog [*****.]
Gold:   1187       SH:  0    Dex: 15      Spells: 0 memorised, 12 levels left

rFire  . . .     SeeInvis +       - Unarmed
rCold  . . .     Clarity  .     (armour currently unavailable)
rNeg   . . .     SustAt   .     (shield currently unavailable)
rPois  .         Gourm    +     (helmet currently unavailable)
rElec  .         Spirit   .     (cloak currently unavailable)
rCorr  .         Warding  .     (gloves unavailable)
rMut   .         Stasis   .     (boots unavailable)
MR     .....                    (no amulet)
Stlth  ++........               (ring currently unavailable)
                                (ring currently unavailable)

@: about to teleport, pig-form, very quick, not resistant to hostile
enchantments, unstealthy
A: unfitting armour, (claws 0), (horns 0), see invisible, agile 1, fast
metabolism 3, gourmand, regeneration 2, (shaggy fur 0), (tough skin 0), weak 1,
subdued magic 1
a: Burn Spellbooks, Berserk, Trog's Hand, Brothers in Arms, Renounce Religion


You were on level 12 of the Dungeon.
You worshipped Trog.
Trog was extremely pleased with you.
You were not hungry.
You were a filthy swine.
You visited 3 branches of the dungeon, and saw 19 of its levels.
You also visited: Ice Cave.

You collected 1187 gold pieces.

Inventory:

Hand weapons
 C - the +11 whip of Descent {venom, Int+2 Stlth+}
   (You found it on level 8 of the Dungeon)

   It poisons the flesh of those it strikes.
   It affects your intelligence (+2).
   It makes you more stealthy.
 K - a +8 longbow of freezing
 M - a +6 blowgun of evasion
 O - a +2 antimagic lajatang
Missiles
 o - 14 javelins (quivered)
 y - 5 tomahawks of returning
 A - 40 poisoned needles
 N - 10 curare-tipped needles
Armour
 r - a +2 robe of fire resistance
 H - a +2 robe of cold resistance (melded)
 S - a +1 cloak (melded)
Jewellery
 h - an uncursed ring of sustain attributes
 l - an uncursed ring of stealth
Magical devices
 p - a wand of frost (7)
 s - a wand of fire (14)
 t - a wand of fire (0)
 L - a wand of cold (0)
 T - a wand of confusion (28)
Scrolls
 d - 7 scrolls of remove curse
 e - 8 scrolls of identify
 f - 4 scrolls of enchant armour
 n - a scroll of fog
 w - 2 scrolls of teleportation
 G - 2 scrolls of blinking
 P - a scroll of summoning
Potions
 a - a potion of curing
 g - a potion of cancellation {unknown}
 j - 5 potions of agility
 x - 2 potions of resistance
 B - 4 potions of flight
Books
 k - a book of Debilitation

   Spells                             Type                      Level
   a - Corona                         Hexes                        1
   b - Slow                           Hexes                        2
   c - Gell's Gravitas                Hexes/Translocation          3
   d - Inner Flame                    Hexes/Fire                   3
   e - Cause Fear                     Hexes                        4
   f - Leda's Liquefaction            Hexes/Earth                  4
   Trog disapproves of the use of such an item.
 I - a book of Conjurations

   Spells                             Type                      Level
   a - Magic Dart                     Conjuration                  1
   b - Searing Ray                    Conjuration                  2
   c - Dazzling Spray                 Conjuration/Hexes            3
   d - Fulminant Prism                Conjuration/Hexes            4
   e - Iskenderun's Mystic Blast      Conjuration                  4
   f - Iskenderun's Battlesphere      Conjuration/Charms           5
   Trog disapproves of the use of such an item.
 R - a book of Transfigurations

   Spells                             Type                      Level
   a - Stoneskin                      Transmutation/Earth          2
   b - Irradiate                      Conjuration/Transmutation    5
   c - Statue Form                    Transmutation/Earth          6
   d - Hydra Form                     Transmutation                6
   e - Dragon Form                    Transmutation                7
   Trog disapproves of the use of such an item.
Comestibles
 b - 12 bread rations
 c - 5 meat rations
 v - 9 beef jerkies
 D - a fruit
 J - a royal jelly


   Skills:
 + Level 10.4 Fighting
 * Level 2.5 Throwing
 + Level 11.9 Dodging
 - Level 1.1 Stealth
 + Level 13.6 Unarmed Combat
 - Level 6.0 Evocations


You had 12 spell levels left.
You didn't know any spells.

Dungeon Overview and Level Annotations

Branches:
Dungeon (12/15)            Temple (1/1) D:6            Lair (6/8) D:9
  Swamp (0/4) Lair:5        Snake (0/4) Lair:4          Orc (0/4) D:11
  Slime: Lair:6-8

Altars:
Ashenzari
Cheibriados
Dithmenos
Elyvilon
Fedhas
Gozag
Kikubaaqudgha
Makhleb
Nemelex Xobeh
Okawaru
Qazlal
Ru
Trog
Vehumet
Xom
Yredelemnul
Zin

Annotations:
D:12 Kirke
Lair:4 exclusion: oklob plant
Lair:6 Rupert


Innate Abilities, Weirdness & Mutations

You are too large for most types of armour.
((You have claws for hands.))
Your metabolism is lightning-fast.
You like to eat raw meat.
You heal very quickly.
((You are covered in fur (AC +1).))
((You have very tough skin (AC +2).))
((You have a pair of small horns on your head.))
You have supernaturally acute eyesight.
You are agile. (Dex +2)
You are weak. (Str -2)
Your spells are a little easier to cast, but a little less powerful.


Message History

The hog completely misses you. The hog bites you!
* * * LOW HITPOINT WARNING * * *
The hog barely misses you.
Kirke drinks a potion.
Kirke is healed!
The troll bites you!
* * * LOW HITPOINT WARNING * * *
The troll completely misses you. The troll closely misses you.
The hog bites you!
* * * LOW HITPOINT WARNING * * *
The hog closely misses you. The hog barely misses you.
Drink which item? (? for menu, Esc to quit)
You feel much better. The hog barely misses you. The hog barely misses you.
The hog completely misses you. x2
The hog bites you.
* * * LOW HITPOINT WARNING * * *
The hog bites you!
* * * LOW HITPOINT WARNING * * *
Kirke hits you.
* * * LOW HITPOINT WARNING * * *
The troll bites you!
You die...

..###!...##
..(.......## ##
... .....%....
.#....
......$.###.#...
#.............
#...........#
##.
#..Thh......#
##≈.
#.hhhh.....!#
#≈≈.
#..@hh.....[#
#≈≈≈
#..HH.......#
#≈≈≈
......######'##
#≈≈≈ ....... #.#
#≈≈≈ ....... #.#
#≈≈ ....... #.#
##≈ ....... #.#
## #.# #


You could see Kirke, a manticore, a hippogriff, a troll and 7 hogs.

Vanquished Creatures
  A frost giant (IceCv)
  Fannar (D:10)
  3 hydras
  Erica (D:11)
  A death yak (IceCv)
  Sonja (Lair:4)
  An ice statue (IceCv)
  2 unseen horrors
  2 hill giants (D:11)
  A griffon (Lair:5)
  10 black mambas
  2 komodo dragons
  2 gargoyles
  4 spiny frogs
  18 polar bears
  A two-headed ogre (D:8)
  A troll (D:11)
  Grinder (D:5)
  13 blink frogs
  A shadow (D:11)
  Sigmund (D:5)
  2 wyverns
  A water elemental (D:12)
  44 yaks
  A deep elf fighter (D:9)
  21 wolves
  2 hungry ghosts (D:11)
  6 hippogriffs
  Menkaure (D:5)
  6 swamp worms (Lair:5)
  12 water moccasins
  10 ice beasts
  2 sky beasts
  6 orc warriors
  9 porcupines
  A black bear (D:11)
  4 ogres
  3 necrophages
  3 crocodiles
  2 phantoms (D:11)
  A wasp (D:7)
  9 centaurs
  10 giant frogs
  Blork the orc (D:5)
  A gnoll sergeant (D:7)
  4 scorpions
  2 troll zombies (D:11)
  11 killer bees
  2 electric eels
  3 crimson imps
  A giant frog zombie (D:12)
  A centaur zombie (D:8)
  A jelly (D:10)
  4 orc priests
  6 hounds
  12 orc wizards
  3 giant frog skeletons
  7 hell rats (Lair:3)
  7 iguanas
  12 worker ants
  6 ogre zombies (D:11)
  A hound skeleton (D:6)
  14 gnolls
  A worker ant zombie (D:11)
  12 adders
  2 shadow imps
  11 river rats
  An ooze (D:4)
  2 adder zombies
  4 adder skeletons
  5 worms
  7 giant geckos
  43 orcs
  6 ball pythons
  21 bats
  5 giant cockroaches
  8 goblins
  6 hobgoblins
  6 jackals
  4 quokkas
  4 giant newts
  3 goblin zombies (D:11)
  2 hobgoblin zombies (D:11)
  6 kobolds
  2 orc skeletons (D:11)
  18 orc zombies (D:11)
  A quokka zombie (D:5)
  13 rats
  A fungus (Lair:4)
517 creatures vanquished.

Vanquished Creatures (others)
  A yak (IceCv)
  A wolf (IceCv)
  13 fungi
  6 plants
21 creatures vanquished.

Grand Total: 538 creatures vanquished

Notes
Turn   | Place    | Note
--------------------------------------------------------------
     0 | D:1      | shakdrar the Troll Monk began the quest for the Orb.
     0 | D:1      | Reached XP level 1. HP: 22/22 MP: 0/0
   133 | D:1      | Reached XP level 2. HP: 29/29 MP: 1/1
   660 | D:1      | Reached XP level 3. HP: 32/36 MP: 2/2
  1363 | D:3      | Reached XP level 4. HP: 42/44 MP: 3/3
  1633 | D:4      | Reached skill level 5 in Unarmed Combat
  1642 | D:4      | Reached XP level 5. HP: 20/53 MP: 4/4
  1758 | D:4      | Noticed a cacodemon
  1759 | D:4      | Found a burning altar of Makhleb.
  1762 | D:4      | Found a glowing silver altar of Zin.
  1763 | D:4      | Noticed an angel
  1840 | D:4      | Found a sparkling altar of Nemelex Xobeh.
  1924 | D:4      | Found a snail-covered altar of Cheibriados.
  1926 | D:4      | Noticed an ogre
  1933 | D:4      | Killed an ogre
  1933 | D:4      | Reached XP level 6. HP: 61/61 MP: 5/5
  2296 | D:5      | Entered Level 5 of the Dungeon
  2297 | D:5      | Noticed Blork the orc
  2309 | D:5      | Killed Blork the orc
  2370 | D:5      | Gained mutation: You are robust (+10% HP). [potion of beneficial mutation]
  2371 | D:5      | Gained mutation: You have supernaturally acute eyesight. [potion of beneficial mutation]
  2412 | D:5      | Reached skill level 6 in Unarmed Combat
  2486 | D:5      | Noticed Sigmund
  2500 | D:5      | Killed Sigmund
  2500 | D:5      | Reached XP level 7. HP: 72/74 MP: 6/6
  2686 | D:5      | Noticed Grinder
  2697 | D:5      | Killed Grinder
  2697 | D:5      | Reached skill level 5 in Dodging
  2697 | D:5      | Reached skill level 7 in Unarmed Combat
  2710 | D:5      | Noticed Menkaure
  2713 | D:5      | Reached XP level 8. HP: 84/86 MP: 7/7
  2720 | D:5      | Killed Menkaure
  2995 | D:5      | Reached skill level 5 in Fighting
  3128 | D:5      | Reached skill level 8 in Unarmed Combat
  3450 | D:6      | Found a shimmering altar of Xom.
  3662 | D:6      | Found a staircase to the Ecumenical Temple.
  3671 | Temple   | Entered the Ecumenical Temple
  3856 | Temple   | Became a worshipper of Trog the Wrathful
  3856 | Temple   | Acquired Trog's first power
  3856 | Temple   | Acquired Trog's second power
  4280 | D:7      | Reached XP level 9. HP: 96/96 MP: 8/8
  4483 | D:7      | Reached skill level 9 in Unarmed Combat
  4977 | D:7      | Found a basalt altar of Yredelemnul.
  5107 | D:8      | Found a radiant altar of Vehumet.
  5108 | D:8      | Found a blossoming altar of Fedhas.
  5250 | D:8      | Found a shadowy altar of Dithmenos.
  5591 | D:8      | Gained mutation: You have a pair of small horns on your head. [potion of mutation]
  5591 | D:8      | Lost mutation: You are robust (+10% HP). [potion of mutation]
  5591 | D:8      | Gained mutation: Your spells are a little easier to cast, but a little less powerful. [potion of mutation]
  5592 | D:8      | Gained mutation: You are agile. (Dex +2) [potion of mutation]
  5592 | D:8      | Gained mutation: You are weak. (Str -2) [potion of mutation]
  5819 | D:8      | Got an ancient whip
  5820 | D:8      | Identified the +11 whip of Descent {venom, Int+2 Stlth+} (You found it on level 8 of the Dungeon)
  6013 | D:9      | Noticed an unseen horror
  6051 | D:9      | Found a shimmering altar of Xom.
  6120 | D:9      | Killed an unseen horror
  6120 | D:9      | Reached XP level 10. HP: 93/100 MP: 9/9
  6161 | D:9      | Reached skill level 10 in Unarmed Combat
  6212 | D:9      | Acquired Trog's third power
  6477 | D:9      | Found a staircase to the Lair.
  6652 | D:9      | Found a sacrificial altar of Ru.
  6859 | D:10     | Entered Level 10 of the Dungeon
  6880 | D:10     | Noticed Fannar
  6891 | D:10     | Killed Fannar
  7110 | D:10     | Reached skill level 11 in Unarmed Combat
  7807 | D:11     | Reached XP level 11. HP: 50/111 MP: 10/10
  7963 | D:11     | Reached skill level 1 in Evocations
  8041 | D:11     | Noticed a hill giant
  8050 | D:11     | Killed a hill giant
  8499 | D:11     | Noticed Erica
  8510 | D:11     | Killed Erica
  8585 | D:11     | Found a staircase to the Orcish Mines.
  8840 | D:11     | Noticed an unseen horror
  8852 | D:11     | Killed an unseen horror
  8852 | D:11     | Received a gift from Trog
  9030 | D:11     | Noticed a hill giant
  9039 | D:11     | Killed a hill giant
  9157 | D:11     | Reached skill level 12 in Unarmed Combat
  9275 | Lair:1   | Entered Level 1 of the Lair of Beasts
  9360 | Lair:1   | Reached skill level 10 in Dodging
 10082 | Lair:1   | Reached XP level 12. HP: 122/122 MP: 13/13
 11093 | Lair:3   | Found a white marble altar of Elyvilon.
 11111 | Lair:3   | Found a frozen archway.
 11129 | Lair:3   | Received a gift from Trog
 11191 | IceCv    | Entered an ice cave
 12040 | IceCv    | Reached skill level 5 in Evocations
 12209 | IceCv    | Noticed a frost giant
 12218 | IceCv    | Reached skill level 13 in Unarmed Combat
 12225 | IceCv    | Reached XP level 13. HP: 132/132 MP: 15/15
 12234 | IceCv    | Killed a frost giant
 13075 | Lair:4   | Noticed Sonja
 13077 | Lair:4   | Killed Sonja
 13177 | Lair:4   | Found a staircase to the Snake Pit.
 13193 | Lair:4   | Received a gift from Trog
 13209 | Lair:4   | Reached skill level 10 in Fighting
 13864 | Lair:4   | Reached skill level 1 in Throwing
 14725 | Lair:5   | Found a staircase to the Swamp.
 15357 | Lair:6   | Noticed Rupert
 16060 | D:12     | Noticed Kirke
 16072 | D:12     | Mangled by a troll

Vault maps used:
D:1:      dpeg_arrival_stone_temple_mockup, serial_glass, glass_columns_c,
          glass_columns_c, glass_columns_b, glass_columns_c, glass_columns_b,
          glass_columns_c, glass_columns_a, glass_columns_c, glass_columns_b,
          glass_columns_b
D:2:      gammafunk_temple_overflow_statue, first_bread
D:4:      grunt_temple_overflow_order_and_chaos_2, old_standard_altar,
          nemelex_spade_bored_becter
D:5:      uniq_blork_the_orc, uniq_menkaure, uniq_sigmund, uniq_grinder
D:6:      minmay_temple_entry_crystal_x, basic_altar
D:7:      nicolae_overflow_hidden_temple, grunt_ogre_cave
D:8:      kennysheep_little_box, grunt_temple_overflow_open
D:9:      lemuel_crystal_altar, tgw_xom, grunt_lair_entry_elf_guard_hut
D:10:     uniq_fannar
D:11:     zombieorc2_lemuel, uniq_erica
D:12:     kennysheep_diamond, uniq_kirke, uniq_maurice
Temple:   minmay_temple_curvy_8
Lair:3:   basic_altar, portal_ice_cave_entry_ice_beasts,
          infiniplex_staircase_pool_2
Lair:4:   minmay_snake_entry_six_corridors, minmay_lair_oklob_bushes, uniq_sonja
Lair:5:   nicolae_swamp_entry_splash_gauntlet
Lair:6:   uniq_rupert
IceCv:    ice_cave_caverns_02

Action                   |  1- 3 |  4- 6 |  7- 9 | 10-12 | 13-15 || total
-------------------------+-------+-------+-------+-------+-------++-------
Melee: Unarmed           |   111 |    90 |   326 |   864 |   279 ||  1670
Throw: Javelin           |       |       |       |     4 |     6 ||    10
Invok: Berserk           |       |       |       |     2 |       ||     2
Evoke: Wand              |       |       |       |       |    13 ||    13
  Use: Potion            |     6 |     3 |     6 |     4 |     5 ||    24
       Scroll            |     9 |     1 |     9 |     1 |    12 ||    32
 Stab: Sleeping          |     6 |     3 |     5 |     1 |     1 ||    16
       Distracted        |       |     1 |     1 |     2 |       ||     4
  Eat: Chunk             |    10 |     8 |    33 |    50 |    16 ||   117
       Meat ration       |     1 |       |       |       |     4 ||     5
       Bread ration      |       |       |       |     2 |       ||     2
       Royal jelly       |       |       |       |     1 |       ||     1
